[Event "Marshall CC U2400 April 2024"]
[Site "New York"]
[Date "2024.04.20"]
[Round "1.1"]
[White "Jiang, Jason"]
[Black "Otero, Joseph"]
[Result "1-0"]
[ECO "A31"]
[WhiteElo "2005"]
[BlackElo "1944"]
[Annotator "TA"]
[PlyCount "141"]
[EventDate "2024.04.20"]
[EventType "swiss"]
[EventCountry "USA"]
[SourceTitle "playchess.com"]
[Source "ChessBase"]
[SourceQuality "1"]
[TimeControl "5400+30"]

1. c4 Nf6 2. Nc3 c5 3. Nf3 Nc6 4. g3 d6 5. Bg2 g6 6. O-O Bg7 7. d4 cxd4 8. Nxd4 Bd7 9. e3 O-O 10. b3 Qc8 {[%emt 0:02:11] 10...Qa5 is setting a new trend.} 11. Bb2 Bh3 12. Nxc6 {[%emt 0:02:30] A31: Symmetrical English: 2 Nf3 Nf6 3 d4.} bxc6 13. Rc1 $146 ({Predecessor:} 13. Qf3 Bxg2 14. Kxg2 Nd7 15. Rac1 Qb7 16. Qe2 Nc5 17. h4 a5 18. Ba3 Nd7 19. c5 d5 20. Nxd5 cxd5 {0-1 Leskiewicz,I (2177)-Bogdanov,E (2394) Krakow op-A 34th 2023 (1)}) 13... Rd8 14. Qf3 Bxg2 15. Kxg2 e5 (15... Nd7 $11) 16. e4 Qe6 17. Rfd1 h5 18. h4 Rd7 19. Rd3 Ng4 {[%emt 0:00:42] [#]} 20. c5 $2 (20. Rcd1 $1 $14 {keeps the upper hand.}) 20... Rf8 (20... d5 $1 $17 {Hoping for ...f5.} 21. Qe2 (21. exd5 $2 cxd5 22. c6 e4 $19) 21... Rad8) 21. Rcd1 (21. Rxd6 {simplifies} Rxd6 22. cxd6 Qxd6 23. Qe2) 21... d5 $1 (21... Rfd8 $6 22. cxd6 Bf8 23. Na4 Rxd6 24. Bc1 $16) 22. exd5 cxd5 23. Rxd5 (23. Nxd5 $2 {loses.} e4 24. Qf4 exd3 $19) 23... e4 $1 24. Qe2 Rxd5 $1 25. Nxd5 Bxb2 $1 26. Qxb2 Re8 (26... e3 $11 27. Nxe3 Qe4+ 28. Kg1 Nxe3 29. fxe3 Qf3) 27. Qe2 $1 $16 Qc6 {[%emt 0:07:16] Dodges Nc7} (27... e3 $16 {was worth a try.} 28. f3 Nf2) 28. b4 $1 $18 Re5 (28... a6 {was necessary.} 29. Ne3 Kf8) 29. Ne3 $18 Re6 30. Nxg4 hxg4 31. Qxg4 {[%emt 0:04:40] Strongly threatening Rd8+.} e3+ 32. Qf3 e2 33. Re1 $1 Qa6 34. c6 Qc4 (34... Rxc6 {was called for.} 35. Rxe2 Rc8) 35. c7 $18 Kg7 36. a3 a6 {[%emt 0:00:12] [#]} 37. Rxe2 $2 (37. Qb7 $3 $18 {[%mdl 512] and White stays clearly on top.} Rc6 38. Rxe2 Rxc7 39. Qe4 Qxe4+ 40. Rxe4) 37... Rxe2 $16 38. Qxe2 Qxe2 39. c8=Q {[%emt 0:00:06] Inhibits Qc2.} (39. c8=R $2 {too greedy.} Qb2 40. Rd8 Qxa3 $19) 39... Qe4+ 40. Kg1 Qe1+ 41. Kg2 Qe4+ 42. Kh2 Qf3 43. Qxa6 Qxf2+ 44. Kh3 Qf3 {[%emt 0:01:45] Repels Qd3. ( -> ...Qh1+)} 45. Qc4 Qh1+ $2 (45... Qxa3 $14 46. Qd4+ Kg8) 46. Kg4 $18 Qd1+ 47. Kf4 $1 Qd6+ 48. Kf3 Qd1+ 49. Kf4 $2 ({Better is} 49. Ke4 $18 Qg4+ 50. Kd5 Qe6+ 51. Kd4 Qg4+ 52. Kc3 Qxg3+ 53. Kb2) 49... Qd6+ $1 $14 50. Kf3 $2 (50. Ke4 $14 Qxg3 51. Kd5) 50... Qd1+ $18 51. Ke3 (51. Ke4 $18 {is more deadly. White threatens Qd4+ and mate.} Qg4+ 52. Kd5 Qd7+ 53. Kc5 Qa7+ 54. Kc6 Qa4+ 55. Kb6 Qxa3 56. Qd4+ Kg8 57. g4) 51... Qg1+ $2 (51... Qe1+ $16 52. Kf3 Qd1+) 52. Kd2 $1 $18 {[%emt 0:00:06] Black must now prevent Kc2.} ({Weaker is} 52. Kf3 Qd1+ $16) 52... Qf2+ 53. Kc3 {[%emt 0:02:38] White wants to mate with Qd4+.} Qxg3+ 54. Qd3 Qe1+ {[%emt 0:00:50] [#]} 55. Kc4 $2 (55. Kb3 $1 $18 {Threatens to win with Qc3+.} Qe6+ 56. Kb2) 55... Qe6+ $11 56. Qd5 Qe2+ $1 57. Kc5 Qe7+ 58. Kb5 Qxh4 $2 {[%emt 0:01:37] [#]} (58... f5 $11) 59. a4 $1 $18 {[%emt 0:00:21] aiming for a5.} Qf4 $2 (59... Qe7 60. a5 Qe8+ 61. Kc4 Qa4) 60. a5 $18 Qb8+ 61. Ka4 Qe8+ 62. b5 Qe3 63. b6 {[%emt 0:01:06] Intending b7 and mate.} Qf4+ 64. Kb5 Qf1+ 65. Kc6 Qf6+ 66. Kb7 g5 67. Ka7 g4 68. b7 Qf2+ 69. Ka8 g3 70. b8=Q g2 71. Qg5+ 1-0

[Event "Marshall CC U2400 April 2024"]
[Site "New York"]
[Date "2024.04.20"]
[Round "1.2"]
[White "Paruchuri, Naveen"]
[Black "Nasta, Kiren Vivek"]
[Result "1/2-1/2"]
[ECO "D79"]
[WhiteElo "1866"]
[BlackElo "2057"]
[Annotator "TA"]
[PlyCount "45"]
[EventDate "2024.04.20"]
[EventType "swiss"]
[EventCountry "USA"]
[SourceTitle "playchess.com"]
[Source "ChessBase"]
[SourceQuality "1"]
[TimeControl "5400+30"]

1. d4 Nf6 2. c4 g6 3. Nf3 Bg7 4. g3 O-O 5. Bg2 c6 6. Nc3 d5 7. cxd5 cxd5 8. O-O Ne4 9. Qb3 Nc6 10. Rd1 Na5 11. Qb4 Bf5 12. Nxe4 dxe4 13. Ng5 {[%emt 0:03:23] The position is equal.} Nc6 14. Qxb7 Qd5 {[%emt 0:02:54] ...h6 would now be deadly.} 15. Bf4 h6 {[%emt 0:01:51][%mdl 1024] Black has strong compensation.} (15... Bxd4 $2 16. Rxd4 Qxd4 17. Qxc6 $18) 16. Nh3 g5 $2 (16... Bxd4 $2 17. e3 (17. Bxh6 Rab8 $11) (17. Rxd4 Qxd4 18. Qxc6 Qxb2 $14) 17... e5 18. Bxh6 $18 (18. exd4 Rab8 $11)) (16... Rad8 $17 {[%cal Of5c8] aiming for ...Bc8!} 17. Be3 e5 (17... Bxd4 18. Rac1 $16) (17... Nxd4 18. Qxd5 Rxd5 19. Rd2 $19)) 17. Rac1 $1 $14 {[%emt 0:06:40] Bc7 is the strong threat.} Rac8 {[%emt 0:18:44] [#]} (17... Rad8 $1 $14) 18. Rc5 $2 (18. Bc7 $1 $16) 18... Qd7 $11 19. Qxd7 Bxd7 20. Be3 (20. Bxe4 $2 Nxd4 (20... Bxh3 $2 21. Bxc6 gxf4 22. gxf4 $19) (20... gxf4 $2 21. Nxf4 Nxd4 22. Ra5 $19) 21. Rxc8 Bxc8 $19 (21... Rxc8 $2 22. Nxg5 hxg5 23. Bxg5 $19)) 20... Nxd4 21. Bxd4 $16 {[%emt 0:16:21] And now b4 would win.} Bxd4 {[%emt 0:44:35] [#]} 22. Rd5 (22. Rxd4 Rxc5 23. Rxd7 Rc1+ 24. Bf1 Rfc8 $17) (22. Rxc8 Rxc8 23. Nxg5 (23. Rxd4 Rc1+ 24. Bf1 Bxh3 25. Rd8+ Kg7) 23... hxg5 $11) 22... Bxh3 (22... Bc6 {keeps fighting.} 23. R5xd4 g4 24. Bxe4 (24. Nf4 e5 $18) 24... e5) 23. Bxh3 {[%mdl 32768] Weighted Error Value: White=0.30/Black=0.67.  Mistake:       	White=1     	Black=4      Inaccurate:     	White=3     	---        OK:         	White=4     	Black=2      Best:        	---       	Black=1      Strong:       	White=1     	---       . An unexpected result.} (23. R1xd4 Be6 24. Bxe4 Bxd5 25. Rxd5 Rc1+ 26. Kg2 Re1 $15) 1/2-1/2

[Event "Marshall CC U2400 April 2024"]
[Site "New York"]
[Date "2024.04.20"]
[Round "1.3"]
[White "Hoffman, Luc"]
[Black "Solomon, William C."]
[Result "1-0"]
[ECO "A46"]
[WhiteElo "2006"]
[BlackElo "1402"]
[Annotator "TA"]
[PlyCount "109"]
[EventDate "2024.04.20"]
[EventType "swiss"]
[EventCountry "USA"]
[SourceTitle "playchess.com"]
[Source "ChessBase"]
[SourceQuality "1"]
[TimeControl "5400+30"]

1. d4 d6 2. Nf3 Nf6 3. b3 c6 4. Bb2 g6 5. c4 Bg7 6. Nc3 Qa5 7. a3 Ne4 8. b4 {[%emt 0:00:35] White has an edge.} Nxc3 9. Bxc3 Qc7 10. e3 Bg4 11. Be2 O-O 12. h3 Bxf3 13. Bxf3 Nd7 14. O-O c5 15. Qb3 cxd4 16. exd4 Rac8 17. c5 e6 (17... e5 $1 $11 18. dxe5 Bxe5) 18. Rac1 d5 19. b5 Bh6 20. Rc2 $36 {[%emt 0:01:36][%mdl 2048] White has the initiative.} a6 21. Rb1 Ra8 {[%emt 0:02:02] [#]} (21... axb5 $14 22. Qxb5 Rb8) 22. bxa6 $1 $16 {[%emt 0:04:31] White now steadily converts the win.} bxa6 23. Qb7 Rfc8 {[%emt 0:00:44][%cal Bf8c8,Bc8c7,Bc7c6][%mdl 32] Hoping for ...Rab8.} 24. Qxc7 Rxc7 25. Ba5 Rc6 26. Rb7 Nf6 27. Rcb2 {[%emt 0:01:20][%cal Bc2b2,Bb2b3,Bb3b1][%mdl 32] White is much more active.} Bc1 28. R2b3 Ne8 $2 (28... Rcc8 29. g3 Ne8) 29. Bd1 $18 Rac8 $2 (29... Rcc8 30. Rf3 h5) 30. Rb1 Bf4 31. Ba4 Bc7 32. Bxc6 Bxa5 33. Bxe8 Rxe8 {[%emt 0:00:11][%mdl 4096] Endgame. KRR-KRB} 34. Rb8 Kf8 35. Rxe8+ Kxe8 {[%emt 0:00:18] KR-KB} 36. Rb7 {[%emt 0:00:02] Dodges Bc7} Bc3 37. c6 {[%emt 0:00:24] Intending Rb8+ and mate.} Kd8 38. Rxf7 Bxd4 39. Rxh7 Bb2 40. a4 a5 41. g4 {[%emt 0:00:22] h4 is the strong threat.} Kc8 42. h4 e5 43. h5 gxh5 44. gxh5 (44. g5 $142 e4 45. g6 (45. Rxh5 Kc7 $18) 45... Be5 46. g7 (46. Rxh5 Bc3 $18) 46... Bxg7 47. Rxg7 d4 48. Rd7 d3 49. Kh2) 44... d4 45. h6 {[%emt 0:01:05] White mates.} d3 46. Rd7 e4 {[%emt 0:02:54] [#]} 47. f3 $1 exf3 (47... e3 48. Rxd3) 48. Rxd3 Kc7 49. Rxf3 Kxc6 50. h7 Bd4+ 51. Kg2 Kc5 52. Rf8 Bg7 53. h8=Q Bxh8 54. Rxh8 Kb4 55. Rh4+ {[%emt 0:00:06] Weighted Error Value: White=0.14 (very precise) /Black=0.67.  Mistake:       	---       	Black=4      Inaccurate:     	White=3     	Black=2      OK:         	White=11    	Black=8      Best:        	White=1     	---        Strong:       	White=1     	---} 1-0

[Event "Marshall CC U2400 April 2024"]
[Site "New York"]
[Date "2024.04.20"]
[Round "1.4"]
[White "Zhao, Austin"]
[Black "Patay, Travis"]
[Result "1/2-1/2"]
[ECO "B22"]
[WhiteElo "1749"]
[BlackElo "2008"]
[Annotator "TA"]
[PlyCount "35"]
[EventDate "2024.04.20"]
[EventType "swiss"]
[EventCountry "USA"]
[SourceTitle "playchess.com"]
[Source "ChessBase"]
[SourceQuality "1"]
[TimeControl "5400+30"]

1. e4 c5 2. c3 Nf6 3. e5 Nd5 4. d4 cxd4 5. Nf3 Nc6 6. Bc4 Nb6 7. Bb3 d5 8. exd6 Qxd6 9. O-O Be6 10. Na3 Bxb3 11. Qxb3 e6 12. Nb5 Qd8 (12... Qd7 $11 13. Nbxd4 Nxd4 14. Nxd4 Bc5) 13. Nbxd4 {[%emt 0:00:54] White is more active.} (13. Bf4 $5 Rc8 14. Nfxd4 (14. Nbxd4 Nxd4 15. Nxd4 Qd5 $14) 14... Nxd4 15. Nxd4 $14 (15. cxd4 a6 $11)) 13... Nxd4 14. Nxd4 Qd5 ({Better is} 14... Be7 $14) 15. Nb5 $16 Qc6 {[%emt 0:03:08] Inhibits Nc7+.} 16. Nd4 ({White should try} 16. Bf4 $16 {Nc7+ would now be deadly.} Nd5 17. Be5) 16... Qd5 $14 17. Nb5 (17. Qb5+ $14 Qxb5 18. Nxb5) 17... Qc6 $1 $18 18. Nd4 $2 {[%emt 0:16:38] Weighted Error Value: White=0.44/Black=0.27 (precise) .  Missed win:     	White=1     	---        Mistake:       	White=2     	Black=1      Inaccurate:     	White=1     	---        OK:         	---       	Black=1      Best:        	White=1     	---        Strong:       	---       	Black=1} (18. Bf4 $18 Nd5 19. Be5) 1/2-1/2

[Event "Marshall CC U2400 April 2024"]
[Site "New York"]
[Date "2024.04.20"]
[Round "1.5"]
[White "Kozower, Ethan"]
[Black "Singh, Ian Avery"]
[Result "1-0"]
[ECO "B40"]
[WhiteElo "1943"]
[BlackElo "1721"]
[Annotator "TA"]
[PlyCount "89"]
[EventDate "2024.04.20"]
[EventType "swiss"]
[EventCountry "USA"]
[SourceTitle "playchess.com"]
[Source "ChessBase"]
[SourceQuality "1"]
[TimeControl "5400+30"]

1. e4 c5 2. Nf3 e6 3. g3 a6 4. Bg2 b5 5. O-O Bb7 6. Qe2 Ne7 (6... Nc6 $11) 7. c3 ({White should try} 7. d4 $16) 7... Ng6 (7... d5 $14) 8. d4 $16 {[%emt 0:03:22] White is better.} cxd4 9. cxd4 Be7 10. h4 d6 (10... h6 $142) 11. Rd1 Nd7 12. h5 Ngf8 13. e5 {[%emt 0:00:02] White is more active.} ({White should play} 13. Nbd2) 13... h6 (13... dxe5 $16 {was necessary.} 14. h6 (14. Nxe5 Bxg2 15. Kxg2 Nxe5 $16) (14. dxe5 h6 $16) 14... gxh6) 14. d5 {[%emt 0:06:11] Black must now prevent exd6.} Nb6 {[%emt 0:04:32] [#]} (14... dxe5 $16 15. dxe6 (15. Nxe5 exd5 16. Nc3 Nf6 $16) 15... fxe6 16. Nxe5 Bxg2) 15. dxe6 (15. exd6 $1 $18 Qxd6 16. Bf4) 15... Nxe6 16. exd6 Bxd6 (16... Bf6 $16 {might work better.} 17. Ng5 hxg5) 17. Nd4 Bxg2 18. Nxe6 $1 (18. Kxg2 Qe7 $14) 18... Qe7 19. Nxg7+ {[%emt 0:00:17] Excellent horsemanship.} (19. Kxg2 fxe6 20. Re1 O-O $14) 19... Kf8 20. Ne6+ ({Better is} 20. Qg4 $18 Be4 21. Nc3) 20... Qxe6 21. Qxe6 fxe6 22. Rxd6 Nc4 23. Rxe6 (23. Rd4 $142 Bc6 24. b3) 23... Bd5 (23... Kf7 $16) 24. Rf6+ ({Worse is} 24. Bxh6+ Kf7 25. Rg6 Ne5 $17) 24... Ke7 (24... Kg7 $16 25. Rg6+ Kf7) 25. Rxh6 Rxh6 26. Bxh6 Ne5 $2 (26... Rh8 $16 {was worth a try.}) 27. Nd2 Kf6 28. Be3 {[%emt 0:06:37] And now Bd4 would win.} Kf5 29. Rc1 Rd8 30. b3 {[%emt 0:01:52] Rc5 would now be deadly.} Kg4 (30... Nf3+ {is a better defense.} 31. Nxf3 Bxf3) 31. h6 $18 Bb7 $2 (31... Nf3+ 32. Nxf3 Bxf3) 32. Rc7 Nf3+ 33. Nxf3 Bxf3 {[%emt 0:01:38][%mdl 4096] Endgame. KRB-KRB} 34. Kh2 {[%emt 0:01:41] Hoping for Rg7+.} (34. Rg7+ {gets mated.} Kh3) 34... Rd1 35. Rg7+ Kf5 36. Rf7+ Kg4 37. Rf4+ {[%emt 0:00:03] White mates.} Kh5 38. Rxf3 {[%emt 0:00:01] KRB-KR} a5 39. h7 Rd8 {[%emt 0:00:06] [#]} 40. Bd4 $1 a4 (40... Kg5 41. Bf6+) 41. Bg7 a3 42. Bf8 b4 43. h8=Q+ Kg4 44. Rf4+ Kg5 45. Qh6# {[%emt 0:02:43] Weighted Error Value: White=0.38/Black=0.72.  Loses game:     	---       	Black=1      Mistake:       	White=5     	Black=10     Inaccurate:     	White=3     	Black=1      OK:         	White=9     	Black=5      Best:        	---       	Black=3      Strong:       	White=1     	---} 1-0

[Event "Marshall CC U2400 April 2024"]
[Site "New York"]
[Date "2024.04.20"]
[Round "2.1"]
[White "Panico, Nick"]
[Black "Jiang, Jason"]
[Result "1/2-1/2"]
[ECO "B52"]
[WhiteElo "1952"]
[BlackElo "2005"]
[Annotator "NA RC"]
[PlyCount "44"]
[EventDate "2024.04.20"]
[EventType "swiss"]
[EventCountry "USA"]
[SourceTitle "playchess.com"]
[Source "ChessBase"]
[SourceQuality "1"]
[TimeControl "5400+30"]

1. e4 c5 2. Nf3 d6 3. Bb5+ Bd7 4. Bxd7+ Qxd7 5. c4 Nf6 6. Nc3 g6 7. d4 cxd4 8. Nxd4 Bg7 9. O-O O-O 10. f3 Rc8 11. b3 d5 12. exd5 Nxd5 13. Nxd5 e6 14. Bh6 exd5 15. Bxg7 Kxg7 16. Nb5 dxc4 17. Nd6 Rd8 18. Nxb7 Qxd1 19. Raxd1 Rxd1 20. Rxd1 cxb3 21. axb3 Nc6 22. Rd7 Kf8 $146 ({Predecessor:} 22... a5 23. Kf2 a4 24. bxa4 Rxa4 25. Rd2 Rd4 26. Rxd4 Nxd4 27. Nc5 h5 28. Ne4 Ne6 29. h4 Nd4 30. g4 hxg4 31. fxg4 f5 32. gxf5 Nxf5 33. h5 gxh5 34. Ng3 Nxg3 35. Kxg3 h4+ 36. Kxh4 {½-½ Zhao,J (2613)-Wei,Y (2718) CHN-ch Xinghua 2015 (9)}) 1/2-1/2

[Event "Marshall CC U2400 April 2024"]
[Site "New York"]
[Date "2024.04.20"]
[Round "2.2"]
[White "Berg, George"]
[Black "Hoffman, Luc"]
[Result "0-1"]
[ECO "B15"]
[WhiteElo "1832"]
[BlackElo "2006"]
[Annotator "TA"]
[PlyCount "114"]
[EventDate "2024.04.20"]
[EventType "swiss"]
[EventCountry "USA"]
[SourceTitle "playchess.com"]
[Source "ChessBase"]
[SourceQuality "1"]
[TimeControl "5400+30"]

1. e4 c6 2. d4 d5 3. Nd2 dxe4 4. Nxe4 g6 5. Bc4 Bg7 6. Qf3 Nf6 7. Ne2 O-O 8. Nxf6+ {[%emt 0:00:00] White is slightly better.} exf6 9. O-O f5 10. c3 Nd7 11. Bb3 Re8 12. Be3 Nf6 13. Rad1 Qe7 14. Rfe1 Be6 15. Nf4 Bxb3 16. axb3 Rad8 17. h3 Nd5 18. Nxd5 cxd5 19. Bd2 Qd7 20. Rxe8+ Rxe8 21. Re1 Re4 22. Rxe4 dxe4 $11 {[%emt 0:00:38][%mdl 4096] Endgame. KQB-KQB} 23. Qf4 h5 24. Qb8+ Kh7 25. Qxa7 Qb5 {[%emt 0:00:09] Inhibits Qb6.} 26. b4 Qe2 27. Be3 Qe1+ 28. Kh2 f4 29. Bxf4 Qxf2 30. Bg3 Qf6 {[%emt 0:04:03] And now ...h4 would win.} (30... Qxb2 31. Qc5 $17) 31. Qxb7 h4 $36 {[%emt 0:00:09][%mdl 2048] Black has some pressure.} 32. Qxe4 (32. Be5 $5 Qf5 $8 33. Kg1 $11) 32... hxg3+ 33. Kxg3 Bh6 34. Qf3 Qg5+ {[%emt 0:02:20][%mdl 1024] Black has compensation.} (34... Qe6 {keeps more tension.} 35. b5 Kg7 36. Qd3 Qf6) 35. Kh2 Kg7 36. g3 Qd2+ 37. Qg2 {[%emt 0:00:00] Black must now prevent Qxd2.} Qd3 38. h4 Bd2 {[%emt 0:01:33] Black is more active.} (38... Bc1 $1 $17 39. Qf2 Qb1) 39. b5 $1 {[%emt 0:00:00] b6 would now be deadly.} f5 $1 40. b6 {[%emt 0:00:00] Strongly threatening b7.} f4 41. b7 fxg3+ 42. Qxg3 Qe2+ 43. Kh3 Qf1+ 44. Qg2 $1 Qf5+ 45. Qg4 Qb5 $2 {[%emt 0:02:03] [#]} (45... Qf1+ $11 46. Qg2 Qf5+ 47. Qg4 Qf1+ 48. Kg3 Qg1+ 49. Kf3 Qd1+ 50. Kg3 Qg1+ 51. Kf3 Qd1+ 52. Kg3 Qg1+) 46. Qe4 $2 (46. Qf3 $1 $18) 46... Kh6 (46... Qf1+ $11 47. Qg2 Qf5+ 48. Qg4 Qf1+ 49. Qg2) 47. b4 $2 ({White has to play} 47. c4 $18 Qb3+ 48. Kg4) 47... Qf1+ 48. Qg2 (48. Kg4 $5 Qg1+ $8 49. Kh3 Qf1+ 50. Qg2 Qd3+ 51. Qg3 Qf1+ 52. Qg2 Qd3+ 53. Kg4 (53. Qg3 Qf1+ 54. Kh2 Bf4 $11) 53... Qf5+ (53... Bxc3 $2 {perishes.} 54. b8=Q $18) 54. Kg3 Be1+ (54... Bxc3 $2 55. b8=Q $18) 55. Kh2 Qf4+ (55... Bxh4 $2 56. b8=Q $18) 56. Kg1 Qe3+ (56... Bxh4 57. Qe2 $11) 57. Kh2 Qf4+ (57... Bxc3 $2 58. Qg5+ Qxg5 59. hxg5+ Kh5 60. b8=Q $18) 58. Kg1 Qe3+ (58... Bxh4 59. Qf1 $11) 59. Kh2 Qf4+ $11 (59... Bxc3 60. Qg5+ Qxg5 61. hxg5+ Kxg5 62. b8=Q Bd2 63. Qe5+ Kh6 64. b5)) 48... Qf5+ 49. Qg4 {[%emt 0:00:06] Intending Qxf5 and mate.} (49. Kh2 $5 Bf4+ $8 (49... Bxc3 50. b8=Q Bxd4 51. Qd2+ Kh7 52. Qxd4 Qc2+ 53. Kg3 Qb3+ 54. Kf4 Qf7+ 55. Ke3) 50. Kg1 $11) 49... Qf8 (49... Qf1+ $11 50. Qg2 Qd3+ 51. Qg3 Qf1+ 52. Qg2) 50. Kg2 $18 {[%emt 0:06:40] Qc8 is the strong threat.} Be3 {[%emt 0:08:44] [#]} 51. Qf3 (51. Qe2 $1 $18 Bf4 52. Qe6) 51... Bf4 $16 52. b5 ({White should play} 52. Kf2 $16) 52... Qd6 $2 ({Better is} 52... Kg7 $1 $14) 53. Qc6 $2 ({White should try} 53. Qe4 $18) 53... Qe7 $11 54. Qf3 {[%emt 0:02:05] Against Qe2+} Bb8 55. Kh3 Qd6 56. Qe3+ Kh7 {[%emt 0:00:05] The board is on fire.} 57. Qe5 Qd7+ {[%emt 0:00:05] Weighted Error Value: White=0.46/Black=0.31.  Loses game:     	White=1     	Black=4      Missed win:     	White=4     	---        Mistake:       	White=1     	Black=1      Inaccurate:     	White=3     	---        OK:         	White=10    	Black=21     Best:        	White=3     	Black=10     Strong:       	White=2     	Black=1} 0-1

[Event "Marshall CC U2400 April 2024"]
[Site "New York"]
[Date "2024.04.20"]
[Round "2.3"]
[White "Stancil, Kimani"]
[Black "Kozower, Ethan"]
[Result "1-0"]
[ECO "B45"]
[WhiteElo "1873"]
[BlackElo "1943"]
[Annotator "TA"]
[PlyCount "63"]
[EventDate "2024.04.20"]
[EventType "swiss"]
[EventCountry "USA"]
[SourceTitle "playchess.com"]
[Source "ChessBase"]
[SourceQuality "1"]
[TimeControl "5400+30"]

1. e4 c5 2. Nf3 Nc6 3. d4 cxd4 4. Nxd4 Nf6 5. Nc3 e6 6. Be3 Bb4 7. f3 d5 8. Nxc6 bxc6 9. Bd2 O-O 10. h4 (10. Bd3 $15) 10... Qc7 11. Rh3 {[%emt 0:05:18] Prevents Qg3+.} (11. Bd3 $17) 11... Rd8 12. Qe2 d4 (12... e5 $19 13. Rh1 Nh5) 13. Nd1 a5 14. Bxb4 axb4 15. Qd2 Nh5 16. Nf2 Nf4 {[%emt 0:02:46] Repels Nd3} (16... c5 $19 {White must now prevent ...c4.} 17. b3 h6) 17. Rh1 $17 c5 ({Better is} 17... b3 18. cxb3 Ba6) 18. g3 (18. h5 $17 {might work better.}) 18... Nh5 $19 19. Qg5 g6 (19... Nxg3 $2 20. Rg1 $18) (19... Nf6 $142 $1 20. Bc4 h6) 20. Rg1 $2 (20. g4 $17 f6 21. Qh6) 20... f6 21. Qh6 Ba6 {[%emt 0:02:07] Wards off Bc4} (21... Nxg3 22. Bc4 $16) 22. Bh3 Re8 (22... Nxg3 23. h5 (23. Bxe6+ Kh8 $16) (23. f4 Nh5 $11) 23... Nxh5 24. Rxg6+ (24. Qxh5 Qf4 $11) (24. Bxe6+ Kh8 $15) 24... Kh8 25. Qxh5 $11) 23. Bg4 Ng7 (23... Nxg3 $19 {aiming for ...Ne2.} 24. h5 Ne2) 24. h5 $17 Qf7 (24... Nf5 25. Bxf5 (25. exf5 exf5+ 26. Kd1 fxg4 $17) 25... exf5 26. hxg6 $11) (24... gxh5 $1 $17 25. Bxh5 Rf8) 25. hxg6 $11 hxg6 (25... Qxg6 $11 {keeps the balance.} 26. Qxg6 hxg6) 26. Rh1 $16 Kf8 {[%emt 0:00:01] [#]} 27. e5 $1 f5 {[%emt 0:01:36] [#] Against Ne4} (27... Bb7 $16 {keeps fighting.}) 28. Qg5 $1 $18 Kg8 {[%emt 0:01:08] Inhibits Rh8+.} ({Inferior is} 28... fxg4 29. Rh8+) 29. Qh6 $40 {[%emt 0:03:21][%csl Gh1][%cal Rh6h8][%mdl 128] White is up to no good.} Kf8 $1 {[%emt 0:00:09] [#]} 30. Nh3 $1 {[%emt 0:00:33] And now Ng5 would win.} fxg4 $2 (30... Qc7 {was worth a try.} 31. Qh8+ Ke7 32. Qxg7+ Kd8 33. Qf6+ (33. Qxg6 Qxe5+ 34. Kf2 fxg4 $15) 33... Kc8) 31. Ng5 Qg8 32. Qxg6 {[%emt 0:00:37] Weighted Error Value: White=0.34/Black=0.48.  Mistake:       	White=4     	Black=9      OK:         	White=4     	Black=5      Best:        	White=5     	Black=1      Strong:       	White=2     	Black=1} 1-0